Senateurs vs Bruins
Created - December 18, 2017 at 19:15
Goals
|
Senateurs |
1 |
1 |
1 |
0 |
2 |
4 |
Bruins |
0 |
1 |
2 |
0 |
1 |
3 |
|
Shots
|
Senateurs |
10 |
10 |
9 |
3 |
6 |
32 |
Bruins |
11 |
5 |
13 |
2 |
6 |
31 |
|
1st period
1. Senateurs , Ramzi Abid 6 (Vladimir Mihalik 5) at 15:47
Penalties :
Arturs Kulda (Ott) for High sticking (Minor) at 13:15
2nd period
2. Senateurs , Dan Hamhuis 5 (Kurtis Foster 14, Thomas Vanek 17) at 6:56 (PP)
3. Bruins , Alex Tanguay 5 (Patrick Eaves 14, Marc Savard 16) at 18:40
Penalties :
Henrik Sedin (Bos) for Hooking (Minor) at 0:12, Viktor Stalberg (Bos) for Hooking (Minor) at 3:26, Adam Pineault (Bos) for Hooking (Minor) at 6:31, Patrick Eaves (Bos) for Hooking (Minor) at 12:46
3rd period
4. Bruins , Andrew Alberts 3 (Jason Demers 11) at 3:58 (PP)
5. Senateurs , Thomas Vanek 9 (B.J. Crombeen 8, Evgeni Malkin 18) at 9:45
6. Bruins , Dave Bolland 9 (Viktor Stalberg 10, Stefan Ruzicka 3) at 12:40
Penalties :
Cody Franson (Ott) for Slashing (Minor) at 2:18
Overtime #1
No Goal
Penalties :
No Penalty
Shootout
Penalty Shot by Evgeni Malkin for Senateurs - Stopped by Roberto Luongo
Penalty Shot by Wojtek Wolski for Bruins - Shot Misses the Net
Penalty Shot by Thomas Vanek for Senateurs - Stopped by Roberto Luongo
Penalty Shot by Viktor Stalberg for Bruins - Stopped by Ondrej Pavelec
Penalty Shot by B.J. Crombeen for Senateurs - Stopped by Roberto Luongo
Penalty Shot by Patrick Eaves for Bruins - Stopped by Ondrej Pavelec
Penalty Shot by Johan Franzen for Senateurs - Goal!
Penalty Shot by Marc Savard for Bruins - Goal!
Penalty Shot by Cody Hodgson for Senateurs - Stopped by Roberto Luongo
Penalty Shot by Henrik Sedin for Bruins - Stopped by Ondrej Pavelec
Penalty Shot by Carlo Colaiacovo for Senateurs - Goal!
Penalty Shot by Jason Demers for Bruins - Stopped by Ondrej Pavelec
Penalties :
No Penalty
Goalie Stats
Ondrej Pavelec (Ott), 28 saves from 31 shots - (0.903), W, 10-10-2, 65:00 minutes
Roberto Luongo (Bos), 29 saves from 32 shots - (0.906), OTL, 6-9-1, 65:00 minutes
Players Stats for Senateurs
Player Name G A P +/- PIM S H SB GA TA FO MP PP MP PK MP
------------------------------------------------------------------------------------
Arturs Kulda 0 0 0 0 2 0 0 0 0 0 0/0 5:06 0:00 0:00
B.J. Crombeen 0 1 1 0 0 3 2 0 0 0 3/4 22:02 3:44 0:49
Brandon Dubinsky 0 0 0 0 0 1 3 3 1 0 6/7 15:30 0:12 0:00
Brooks Orpik 0 0 0 1 0 0 0 1 0 0 0/0 9:46 0:00 0:00
Carlo Colaiacovo 0 0 0 -2 0 0 1 1 0 0 0/0 21:32 2:14 1:36
Cody Franson 0 0 0 -2 2 1 1 1 1 0 0/0 20:53 2:14 1:06
Cody Hodgson 0 0 0 0 0 1 1 1 0 0 6/9 18:53 2:29 0:00
Dan Girardi 0 0 0 0 0 0 0 0 0 1 0/0 5:11 0:00 0:00
Dan Hamhuis 1 0 1 1 0 3 1 3 1 1 0/0 29:04 4:08 2:03
David Krejci 0 0 0 0 0 1 1 0 0 0 1/2 6:00 0:00 0:36
Evgeni Malkin 0 1 1 0 0 1 3 2 1 0 11/36 26:46 3:44 2:24
Johan Franzen 0 0 0 0 0 4 2 2 0 0 0/1 21:18 2:29 0:49
Kurtis Foster 0 1 1 1 0 3 1 0 1 0 0/0 29:14 4:08 2:03
Milan Hejduk 0 0 0 0 0 3 1 2 1 1 0/1 13:21 0:06 0:00
Ramzi Abid 1 0 1 0 0 4 2 1 2 0 1/1 19:38 2:29 0:26
Sergei Kostitsyn 0 0 0 0 0 1 1 0 0 0 0/0 15:10 0:09 0:00
Thomas Vanek 1 1 2 0 0 6 0 0 0 1 0/0 26:41 3:44 2:14
Vladimir Mihalik 0 1 1 1 0 0 0 0 0 0 0/0 10:14 0:00 0:30
Players Stats for Bruins
Player Name G A P +/- PIM S H SB GA TA FO MP PP MP PK MP
------------------------------------------------------------------------------------
Adam Pineault 0 0 0 0 2 0 1 0 1 0 1/1 9:35 0:16 0:56
Alex Tanguay 1 0 1 0 0 2 2 0 0 0 0/0 15:52 0:16 0:55
Andrew Alberts 1 0 1 -1 0 4 0 2 0 0 0/0 24:38 2:05 0:00
Dave Bolland 1 0 1 0 0 2 1 0 0 1 1/4 15:02 0:36 2:20
Henrik Sedin 0 0 0 -1 2 4 1 0 0 0 19/36 24:30 1:34 2:45
Jason Demers 0 1 1 -1 0 4 1 1 0 3 0/0 30:17 2:05 3:33
Kris Chucko 0 0 0 0 0 0 2 0 0 0 0/0 7:14 0:00 0:14
Marc Savard 0 1 1 1 0 4 0 0 0 0 10/14 17:15 1:49 0:21
Mark Stuart 0 0 0 0 0 0 0 1 1 0 0/0 14:47 0:00 2:25
Mike Fisher 0 0 0 0 0 0 0 0 0 0 0/1 8:31 0:00 1:29
Nate Prosser 0 0 0 0 0 0 1 0 0 0 0/0 12:29 0:00 0:24
Patrick Eaves 0 1 1 0 2 0 1 0 0 1 1/1 15:37 1:29 0:00
Ryan O'Byrne 0 0 0 1 0 0 0 1 0 1 0/0 22:14 1:34 2:25
Stefan Ruzicka 0 1 1 1 0 2 1 0 0 1 0/0 10:16 0:00 0:00
Travis Hamonic 0 0 0 1 0 3 1 1 0 1 0/0 25:35 1:34 3:57
Victor Oreskovich 0 0 0 -1 0 1 3 0 0 0 1/3 20:36 1:34 0:00
Viktor Stalberg 0 1 1 1 2 1 2 2 1 0 0/0 13:28 1:49 0:00
Wojtek Wolski 0 0 0 -1 0 4 1 0 1 0 0/1 25:38 1:34 3:44
3 Stars
1 - Dan Hamhuis (Ott)
2 - Thomas Vanek (Ott)
3 - Ramzi Abid (Ott)
Power Play
Senateurs - 1 on 4 Attempt(s) - 25.00%
Bruins - 1 on 2 Attempt(s) - 50.00%
Penalty Kill
Senateurs - 1 on 2 Attempt(s) - 50.00%
- Score 0 goal in Penalty Kill
Bruins - 3 on 4 Attempt(s) - 75.00%
- Score 0 goal in Penalty Kill
Team Stat
Senateurs - Hits : 20 - Faceoff Wins : 28 - Blocked Shots : 17 - Penalty Minutes : 4
Bruins - Hits : 18 - Faceoff Wins : 33 - Blocked Shots : 8 - Penalty Minutes : 8
Official
Referees : McCauley Wes and Morton Dean
Linesman : Pierre Champoux and Don Henderson
Game Notes
No Game Note
Finance
Level 1 -- Attendance: 4090 (68.17%) -- Ticket Income $425,360
Level 2 -- Attendance: 3710 (74.20%) -- Ticket Income $237,440
Level 3 -- Attendance: 1935 (96.75%) -- Ticket Income $65,790
Level 4 -- Attendance: 4000 (100.00%) -- Ticket Income $96,000
Luxury Box -- Attendance: 636 (63.60%) -- Ticket Income $123,384
Game was played at the TD Banknorth Garden.
Total Attendance: 14371 (79.84%)
Total Ticket Income: $947,974
Other Income: $142,196
Total Income: $1,090,170
Senateurs
5 vs 5 Forward
Center Left Wing Right Wing Time % Phy DF OF
1 Evgeni Malkin Thomas Vanek B.J. Crombeen 40 1 2 2
2 Cody Hodgson Ramzi Abid Johan Franzen 30 1 2 2
3 Brandon Dubinsky Sergei Kostitsyn Milan Hejduk 20 1 2 2
4 David Krejci Evgeni Malkin Thomas Vanek 10 1 2 2
5 vs 5 Defense
Defense Defense Time % Phy DF OF
1 Kurtis Foster Dan Hamhuis 40 1 2 2
2 Cody Franson Carlo Colaiacovo 30 1 2 2
3 Brooks Orpik Vladimir Mihalik 20 1 2 2
4 Dan Girardi Arturs Kulda 10 1 2 2
PowerPlay Forward
Center Left Wing Right Wing Time % Phy DF OF
1 Evgeni Malkin Thomas Vanek B.J. Crombeen 60 1 2 2
2 Cody Hodgson Ramzi Abid Johan Franzen 40 1 2 2
PowerPlay Defense
Defense Defense Time % Phy DF OF
1 Kurtis Foster Dan Hamhuis 60 1 2 2
2 Cody Franson Carlo Colaiacovo 40 1 2 2
Penalty Kill 4 Players Forward
Center Wing Time % Phy DF OF
1 Evgeni Malkin Thomas Vanek 60 1 2 2
2 B.J. Crombeen Johan Franzen 40 1 2 2
Penalty Kill 4 Players Defense
Defense Defense Time % Phy DF OF
1 Kurtis Foster Dan Hamhuis 60 1 2 2
2 Cody Franson Carlo Colaiacovo 40 1 2 2
Penalty Kill - 3 Players Forward
Forward Time % Phy DF OF
1 Evgeni Malkin 60 1 2 2
2 Thomas Vanek 40 1 2 2
Penalty Kill - 3 Players Defense
Defense Defense Time % Phy DF OF
1 Kurtis Foster Dan Hamhuis 60 1 2 2
2 Cody Franson Carlo Colaiacovo 40 1 2 2
4 vs 4 Forward
Center Wing Time % Phy DF OF
1 Evgeni Malkin Thomas Vanek 60 1 2 2
2 B.J. Crombeen Johan Franzen 40 1 2 2
4 vs 4 Defense
Defense Defense Time % Phy DF OF
1 Kurtis Foster Dan Hamhuis 60 1 2 2
2 Cody Franson Carlo Colaiacovo 40 1 2 2
Last Minutes Offensive
Center Left Wing Right Wing Defense Defense
Evgeni Malkin Thomas Vanek B.J. Crombeen Kurtis Foster Dan Hamhuis
Last Minutes Defensive
Center Left Wing Right Wing Defense Defense
Evgeni Malkin Thomas Vanek B.J. Crombeen Kurtis Foster Dan Hamhuis
Goaltenders
Starting : Ondrej Pavelec
Backup : Jeff Deslauriers
Extra Forwards
Normal : Brandon Dubinsky, Sergei Kostitsyn, David Krejci - PP : Brandon Dubinsky, Sergei Kostitsyn - PK : David Krejci
Extra Defensemen
Normal : Brooks Orpik, Vladimir Mihalik, Dan Girardi - PP : Brooks Orpik - PK : Vladimir Mihalik, Dan Girardi
Penalty Shots
Evgeni Malkin, Thomas Vanek, B.J. Crombeen, Johan Franzen, Cody Hodgson
Scratches
Brenden Morrow (Concussion Injury), Pascal Dupuis (Healthy), Ryan Malone (Healthy)
Bruins
5 vs 5 Forward
Center Left Wing Right Wing Time % Phy DF OF
1 Henrik Sedin Wojtek Wolski Victor Oreskovich 40 0 2 3
2 Marc Savard Alex Tanguay Patrick Eaves 30 0 2 3
3 Dave Bolland Viktor Stalberg Stefan Ruzicka 20 1 2 2
4 Mike Fisher Kris Chucko Adam Pineault 10 1 2 2
5 vs 5 Defense
Defense Defense Time % Phy DF OF
1 Jason Demers Andrew Alberts 40 0 2 3
2 Ryan O'Byrne Travis Hamonic 30 1 2 2
3 Mark Stuart Nate Prosser 20 1 2 2
4 Jason Demers Travis Hamonic 10 1 2 2
PowerPlay Forward
Center Left Wing Right Wing Time % Phy DF OF
1 Henrik Sedin Wojtek Wolski Victor Oreskovich 60 0 1 4
2 Marc Savard Viktor Stalberg Patrick Eaves 40 0 1 4
PowerPlay Defense
Defense Defense Time % Phy DF OF
1 Jason Demers Andrew Alberts 60 0 2 3
2 Travis Hamonic Ryan O'Byrne 40 0 2 3
Penalty Kill 4 Players Forward
Center Wing Time % Phy DF OF
1 Henrik Sedin Wojtek Wolski 60 0 4 1
2 Mike Fisher Dave Bolland 40 0 4 1
Penalty Kill 4 Players Defense
Defense Defense Time % Phy DF OF
1 Jason Demers Travis Hamonic 60 0 5 0
2 Mark Stuart Ryan O'Byrne 40 0 5 0
Penalty Kill - 3 Players Forward
Forward Time % Phy DF OF
1 Wojtek Wolski 60 0 4 1
2 Mike Fisher 40 0 4 1
Penalty Kill - 3 Players Defense
Defense Defense Time % Phy DF OF
1 Jason Demers Travis Hamonic 60 0 5 0
2 Mark Stuart Ryan O'Byrne 40 0 5 0
4 vs 4 Forward
Center Wing Time % Phy DF OF
1 Henrik Sedin Wojtek Wolski 60 0 2 3
2 Marc Savard Victor Oreskovich 40 0 2 3
4 vs 4 Defense
Defense Defense Time % Phy DF OF
1 Jason Demers Andrew Alberts 60 1 2 2
2 Travis Hamonic Ryan O'Byrne 40 1 2 2
Last Minutes Offensive
Center Left Wing Right Wing Defense Defense
Henrik Sedin Wojtek Wolski Victor Oreskovich Jason Demers Andrew Alberts
Last Minutes Defensive
Center Left Wing Right Wing Defense Defense
Henrik Sedin Wojtek Wolski Victor Oreskovich Jason Demers Travis Hamonic
Goaltenders
Starting : Roberto Luongo
Backup : Kevin Poulin
Extra Forwards
Normal : Viktor Stalberg, Dave Bolland, Adam Pineault - PP : Viktor Stalberg, Dave Bolland - PK : Adam Pineault
Extra Defensemen
Normal : Andrew Alberts, Jason Demers, Travis Hamonic - PP : Nate Prosser - PK : Travis Hamonic, Nate Prosser
Penalty Shots
Wojtek Wolski, Viktor Stalberg, Patrick Eaves, Marc Savard, Henrik Sedin
Scratches
Dainius Zubrus (Healthy)
% Time on Ice - Senateurs
Lines # - Real PCT - Wanted PCT - Time Play
Normal Forward
1 - 34% - 40% - 17:03
2 - 33% - 30% - 16:24
3 - 26% - 20% - 12:47
4 - 8% - 10% - 3:45
Normal Defense
1 - 40% - 40% - 20:06
2 - 31% - 30% - 15:28
3 - 19% - 20% - 9:22
4 - 10% - 10% - 5:03
PP Forward
1 - 61% - 60% - 3:53
2 - 39% - 40% - 2:29
PP Defense
1 - 65% - 60% - 4:08
2 - 35% - 40% - 2:14
PK Forward
1 - 78% - 60% - 2:50
2 - 22% - 40% - 0:49
PK Defense
1 - 56% - 60% - 2:03
2 - 44% - 40% - 1:36
PK3 Forward
1 - 0% - 60%
2 - 0% - 40%
PK3 Defense
1 - 0% - 60%
2 - 0% - 40%
44 Forward
1 - 72% - 60% - 3:35
2 - 28% - 40% - 1:25
44 Defense
1 - 55% - 60% - 2:45
2 - 45% - 40% - 2:15
Last Minute Offensive - 0:00
Last Minute Defensive - 0:00
Total
Forward - 65:00
Defense - 65:00
|
% Time on Ice - Bruins
Lines # - Real PCT - Wanted PCT - Time Play
Normal Forward
1 - 37% - 40% - 18:34
2 - 28% - 30% - 14:09
3 - 21% - 20% - 10:16
4 - 14% - 10% - 7:00
Normal Defense
1 - 40% - 40% - 20:10
2 - 31% - 30% - 15:30
3 - 23% - 20% - 11:31
4 - 6% - 10% - 2:48
PP Forward
1 - 50% - 60% - 1:50
2 - 50% - 40% - 1:49
PP Defense
1 - 57% - 60% - 2:05
2 - 43% - 40% - 1:34
PK Forward
1 - 77% - 60% - 4:53
2 - 23% - 40% - 1:29
PK Defense
1 - 62% - 60% - 3:57
2 - 38% - 40% - 2:25
PK3 Forward
1 - 0% - 60%
2 - 0% - 40%
PK3 Defense
1 - 0% - 60%
2 - 0% - 40%
44 Forward
1 - 75% - 60% - 3:45
2 - 25% - 40% - 1:15
44 Defense
1 - 59% - 60% - 2:57
2 - 41% - 40% - 2:03
Last Minute Offensive - 0:00
Last Minute Defensive - 0:00
Total
Forward - 65:00
Defense - 65:00
|
Play by Play
1st period
0:01 of 1st period - Henrik Sedin wins face-off versus Evgeni Malkin in neutral zone.
0:04 of 1st period - Dan Hamhuis is hit by Victor Oreskovich and loses puck.
0:52 of 1st period - Snap shot by Stefan Ruzicka.
0:52 of 1st period - Shot Misses the Net.
1:12 of 1st period - Slapshot by David Krejci.
1:12 of 1st period - Stopped by Roberto Luongo without a rebound.
1:13 of 1st period - Evgeni Malkin wins face-off versus Henrik Sedin in Bruins zone.
1:14 of 1st period - Wrist shot by Thomas Vanek.
1:14 of 1st period - Stopped by Roberto Luongo without a rebound.
1:15 of 1st period - Henrik Sedin wins face-off versus Evgeni Malkin in Bruins zone.
1:49 of 1st period - Off-side.
1:50 of 1st period - Dave Bolland wins face-off versus Evgeni Malkin in neutral zone.
2:15 of 1st period - Jason Demers is hit by Brandon Dubinsky and loses puck.
3:28 of 1st period - Snap shot by Adam Pineault.
3:28 of 1st period - Deflect By Mike Fisher.
3:28 of 1st period - Shot Blocked by Dan Hamhuis.
3:28 of 1st period - Puck is out of play.
3:29 of 1st period - Evgeni Malkin wins face-off versus Henrik Sedin in Senateurs zone.
3:40 of 1st period - Wrist shot by Thomas Vanek.
3:40 of 1st period - Shot Blocked by Andrew Alberts.
3:42 of 1st period - Wrist shot by B.J. Crombeen.
3:42 of 1st period - Stopped by Roberto Luongo without a rebound.
3:43 of 1st period - Marc Savard wins face-off versus Cody Hodgson in Bruins zone.
4:08 of 1st period - Travis Hamonic is hit by Evgeni Malkin and loses puck.
4:55 of 1st period - Snap shot by Johan Franzen.
4:55 of 1st period - Shot Blocked by Jason Demers.
5:56 of 1st period - Snap shot by Mike Fisher.
5:56 of 1st period - Shot Misses the Net.
7:03 of 1st period - Off-side.
7:04 of 1st period - Brandon Dubinsky wins face-off versus Henrik Sedin in neutral zone.
7:13 of 1st period - Wrist shot by Wojtek Wolski.
7:13 of 1st period - Stopped by Ondrej Pavelec with a rebound.
7:15 of 1st period - Wrist shot by Victor Oreskovich.
7:15 of 1st period - Shot Misses the Net.
7:17 of 1st period - Wrist shot by Victor Oreskovich.
7:17 of 1st period - Shot Blocked by Milan Hejduk.
7:42 of 1st period - Snap shot by Wojtek Wolski.
7:42 of 1st period - Shot Misses the Net.
7:44 of 1st period - Snap shot by Wojtek Wolski.
7:44 of 1st period - Shot Misses the Net.
7:46 of 1st period - Snap shot by Henrik Sedin.
7:46 of 1st period - Shot Blocked by Carlo Colaiacovo.
7:48 of 1st period - Slapshot by Victor Oreskovich.
7:48 of 1st period - Shot Misses the Net.
7:56 of 1st period - Wrist shot by Wojtek Wolski.
7:56 of 1st period - Shot Blocked by Cody Franson.
8:36 of 1st period - Johan Franzen is hit by Jason Demers.
9:03 of 1st period - Snap shot by Henrik Sedin.
9:03 of 1st period - Shot Blocked by Johan Franzen.
9:05 of 1st period - Wrist shot by Wojtek Wolski.
9:05 of 1st period - Shot Misses the Net.
9:07 of 1st period - Slapshot by Jason Demers.
9:07 of 1st period - Stopped by Ondrej Pavelec with a rebound.
9:09 of 1st period - Snap shot by Wojtek Wolski.
9:09 of 1st period - Shot Misses the Net.
9:11 of 1st period - Snap shot by Andrew Alberts.
9:11 of 1st period - Stopped by Ondrej Pavelec with a rebound.
9:13 of 1st period - Wrist shot by Henrik Sedin.
9:13 of 1st period - Shot Blocked by Cody Hodgson.
9:42 of 1st period - Off-side.
9:43 of 1st period - Marc Savard wins face-off versus Evgeni Malkin in neutral zone.
9:54 of 1st period - Slapshot by Thomas Vanek.
9:54 of 1st period - Stopped by Roberto Luongo with a rebound.
9:56 of 1st period - Wrist shot by Dan Hamhuis.
9:56 of 1st period - Deflect By Alex Tanguay.
9:56 of 1st period - Stopped by Roberto Luongo with a rebound.
10:08 of 1st period - Alex Tanguay is hit by Brandon Dubinsky and loses puck.
13:15 of 1st period - Minor Penalty to Arturs Kulda for High sticking.
13:16 of 1st period - Marc Savard wins face-off versus Evgeni Malkin in Senateurs zone.
14:25 of 1st period - Wrist shot by B.J. Crombeen.
14:25 of 1st period - Stopped by Roberto Luongo with a rebound.
14:55 of 1st period - Viktor Stalberg is hit by David Krejci.
15:11 of 1st period - Thomas Vanek is hit by Travis Hamonic and loses puck.
15:15 of 1st period - Penalty to Arturs Kulda is over, Arturs Kulda is back on ice.
15:45 of 1st period - Slapshot by Ramzi Abid.
15:45 of 1st period - Stopped by Roberto Luongo with a rebound.
15:47 of 1st period - Snap shot by Ramzi Abid.
15:47 of 1st period - Goal by Ramzi Abid - Senateurs : 1 - Bruins : 0.
15:48 of 1st period - Cody Hodgson wins face-off versus Henrik Sedin in neutral zone.
15:53 of 1st period - Snap shot by Ramzi Abid.
15:53 of 1st period - Deflect By Johan Franzen.
15:53 of 1st period - Stopped by Roberto Luongo with a rebound.
16:01 of 1st period - Wrist shot by Wojtek Wolski.
16:01 of 1st period - Stopped by Ondrej Pavelec with a rebound.
16:03 of 1st period - Slapshot by Travis Hamonic.
16:03 of 1st period - Stopped by Ondrej Pavelec with a rebound.
16:58 of 1st period - Snap shot by Evgeni Malkin.
16:58 of 1st period - Deflect By Thomas Vanek.
16:58 of 1st period - Shot Misses the Net.
16:58 of 1st period - Puck is out of play.
16:59 of 1st period - Cody Hodgson wins face-off versus Dave Bolland in Bruins zone.
17:08 of 1st period - Wrist shot by Dave Bolland.
17:08 of 1st period - Shot Blocked by Johan Franzen.
17:10 of 1st period - Snap shot by Stefan Ruzicka.
17:10 of 1st period - Stopped by Ondrej Pavelec with a rebound.
17:12 of 1st period - Slapshot by Dave Bolland.
17:12 of 1st period - Stopped by Ondrej Pavelec with a rebound.
17:14 of 1st period - Slapshot by Jason Demers.
17:14 of 1st period - Stopped by Ondrej Pavelec without a rebound.
17:15 of 1st period - Victor Oreskovich wins face-off versus Brandon Dubinsky in Senateurs zone.
17:28 of 1st period - Backhand shot by Henrik Sedin.
17:28 of 1st period - Shot Misses the Net.
17:30 of 1st period - Slapshot by Andrew Alberts.
17:30 of 1st period - Stopped by Ondrej Pavelec without a rebound.
17:31 of 1st period - Evgeni Malkin wins face-off versus Marc Savard in Senateurs zone.
17:31 of 1st period - Evgeni Malkin is hit by Alex Tanguay.
17:37 of 1st period - Slapshot by Dan Hamhuis.
17:37 of 1st period - Shot Blocked by Andrew Alberts.
18:01 of 1st period - Slapshot by Wojtek Wolski.
18:01 of 1st period - Shot Blocked by Dan Hamhuis.
18:03 of 1st period - Snap shot by Henrik Sedin.
18:03 of 1st period - Stopped by Ondrej Pavelec with a rebound.
18:05 of 1st period - Backhand shot by Andrew Alberts.
18:05 of 1st period - Deflect By Wojtek Wolski.
18:05 of 1st period - Shot Misses the Net.
18:05 of 1st period - Puck is out of play.
18:06 of 1st period - Cody Hodgson wins face-off versus Henrik Sedin in Senateurs zone.
18:33 of 1st period - Icing by Marc Savard.
18:34 of 1st period - Marc Savard wins face-off versus Evgeni Malkin in Bruins zone.
18:47 of 1st period - Snap shot by Marc Savard.
18:47 of 1st period - Stopped by Ondrej Pavelec with a rebound.
18:49 of 1st period - Backhand shot by Andrew Alberts.
18:49 of 1st period - Shot Misses the Net.
19:24 of 1st period - Slapshot by Kurtis Foster.
19:24 of 1st period - Deflect By Johan Franzen.
19:24 of 1st period - Stopped by Roberto Luongo without a rebound.
19:25 of 1st period - Cody Hodgson wins face-off versus Wojtek Wolski in Bruins zone.
19:34 of 1st period - Ramzi Abid is hit by Henrik Sedin.
Goals for this period are 1 for Senateurs vs 0 for Bruins.
Shots for this period are 10 for Senateurs vs 11 for Bruins.
2nd period
0:01 of 2nd period - Evgeni Malkin wins face-off versus Henrik Sedin in neutral zone.
0:12 of 2nd period - Minor Penalty to Henrik Sedin for Hooking.
0:13 of 2nd period - Adam Pineault wins face-off versus Evgeni Malkin in Bruins zone.
1:41 of 2nd period - Jason Demers is hit by Johan Franzen and loses puck.
2:12 of 2nd period - Penalty to Henrik Sedin is over, Henrik Sedin is back on ice.
2:18 of 2nd period - Snap shot by Dan Hamhuis.
2:18 of 2nd period - Shot Blocked by Mark Stuart.
2:20 of 2nd period - Wrist shot by Milan Hejduk.
2:20 of 2nd period - Shot Blocked by Ryan O'Byrne.
2:22 of 2nd period - Slapshot by Brandon Dubinsky.
2:22 of 2nd period - Stopped by Roberto Luongo without a rebound.
2:23 of 2nd period - Brandon Dubinsky wins face-off versus Mike Fisher in Bruins zone.
3:08 of 2nd period - Icing by Sergei Kostitsyn.
3:09 of 2nd period - Brandon Dubinsky wins face-off versus Dave Bolland in Senateurs zone.
3:14 of 2nd period - Slapshot by Cody Franson.
3:14 of 2nd period - Shot Blocked by Viktor Stalberg.
3:16 of 2nd period - Slapshot by Milan Hejduk.
3:16 of 2nd period - Stopped by Roberto Luongo with a rebound.
3:18 of 2nd period - Slapshot by Carlo Colaiacovo.
3:18 of 2nd period - Deflect By Milan Hejduk.
3:18 of 2nd period - Stopped by Roberto Luongo with a rebound.
3:26 of 2nd period - Minor Penalty to Viktor Stalberg for Hooking.
3:27 of 2nd period - B.J. Crombeen wins face-off versus Henrik Sedin in Bruins zone.
3:30 of 2nd period - Snap shot by Thomas Vanek.
3:30 of 2nd period - Stopped by Roberto Luongo with a rebound.
3:32 of 2nd period - Slapshot by B.J. Crombeen.
3:32 of 2nd period - Stopped by Roberto Luongo without a rebound.
3:33 of 2nd period - Henrik Sedin wins face-off versus Evgeni Malkin in Bruins zone.
3:42 of 2nd period - Wrist shot by Thomas Vanek.
3:42 of 2nd period - Stopped by Roberto Luongo without a rebound.
3:43 of 2nd period - Henrik Sedin wins face-off versus Evgeni Malkin in Bruins zone.
3:53 of 2nd period - Off-side.
3:54 of 2nd period - Henrik Sedin wins face-off versus Evgeni Malkin in neutral zone.
4:01 of 2nd period - Wrist shot by Wojtek Wolski.
4:01 of 2nd period - Shot Misses the Net.
5:26 of 2nd period - Penalty to Viktor Stalberg is over, Viktor Stalberg is back on ice.
5:33 of 2nd period - Icing by Dan Hamhuis.
5:34 of 2nd period - Brandon Dubinsky wins face-off versus Marc Savard in Senateurs zone.
6:05 of 2nd period - Stefan Ruzicka is hit by Cody Franson and loses puck.
6:31 of 2nd period - Minor Penalty to Adam Pineault for Hooking.
6:32 of 2nd period - Evgeni Malkin wins face-off versus Henrik Sedin in Bruins zone.
6:42 of 2nd period - Slapshot by Wojtek Wolski.
6:42 of 2nd period - Stopped by Ondrej Pavelec without a rebound.
6:43 of 2nd period - Evgeni Malkin wins face-off versus Henrik Sedin in Senateurs zone.
6:56 of 2nd period - Slapshot by Dan Hamhuis.
6:56 of 2nd period - Goal by Dan Hamhuis - Senateurs : 2 - Bruins : 0.
6:57 of 2nd period - Evgeni Malkin wins face-off versus Henrik Sedin in neutral zone.
7:23 of 2nd period - Cody Hodgson is hit by Patrick Eaves and loses puck.
7:44 of 2nd period - Snap shot by Milan Hejduk.
7:44 of 2nd period - Shot Blocked by Viktor Stalberg.
7:46 of 2nd period - Slapshot by Brandon Dubinsky.
7:46 of 2nd period - Shot Misses the Net.
7:48 of 2nd period - Slapshot by Dan Hamhuis.
7:48 of 2nd period - Stopped by Roberto Luongo with a rebound.
7:50 of 2nd period - Snap shot by Brandon Dubinsky.
7:50 of 2nd period - Shot Misses the Net.
7:52 of 2nd period - Slapshot by Kurtis Foster.
7:52 of 2nd period - Stopped by Roberto Luongo without a rebound.
7:53 of 2nd period - Henrik Sedin wins face-off versus Evgeni Malkin in Bruins zone.
8:08 of 2nd period - Snap shot by Henrik Sedin.
8:08 of 2nd period - Shot Misses the Net.
8:18 of 2nd period - Andrew Alberts is hit by Cody Hodgson.
9:07 of 2nd period - Snap shot by Mike Fisher.
9:07 of 2nd period - Shot Misses the Net.
10:28 of 2nd period - Milan Hejduk is hit by Kris Chucko and loses puck.
11:28 of 2nd period - Mark Stuart is hit by Milan Hejduk.
11:45 of 2nd period - Snap shot by Patrick Eaves.
11:45 of 2nd period - Deflect By Marc Savard.
11:45 of 2nd period - Stopped by Ondrej Pavelec with a rebound.
11:47 of 2nd period - Slapshot by Alex Tanguay.
11:47 of 2nd period - Stopped by Ondrej Pavelec without a rebound.
11:48 of 2nd period - Marc Savard wins face-off versus Cody Hodgson in Senateurs zone.
12:46 of 2nd period - Minor Penalty to Patrick Eaves for Hooking.
12:47 of 2nd period - Henrik Sedin wins face-off versus Evgeni Malkin in Bruins zone.
13:22 of 2nd period - Wrist shot by Johan Franzen.
13:22 of 2nd period - Stopped by Roberto Luongo with a rebound.
14:46 of 2nd period - Penalty to Patrick Eaves is over, Patrick Eaves is back on ice.
14:53 of 2nd period - Marc Savard is hit by Sergei Kostitsyn and loses puck.
15:26 of 2nd period - Snap shot by Andrew Alberts.
15:26 of 2nd period - Shot Blocked by Ramzi Abid.
16:16 of 2nd period - Kurtis Foster is hit by Viktor Stalberg and loses puck.
16:59 of 2nd period - Cody Franson is hit by Kris Chucko and loses puck.
18:02 of 2nd period - Snap shot by Viktor Stalberg.
18:02 of 2nd period - Shot Blocked by Dan Hamhuis.
18:11 of 2nd period - Icing by Kurtis Foster.
18:12 of 2nd period - Marc Savard wins face-off versus Milan Hejduk in Senateurs zone.
18:23 of 2nd period - Snap shot by Victor Oreskovich.
18:23 of 2nd period - Shot Blocked by Brandon Dubinsky.
18:34 of 2nd period - Off-side.
18:35 of 2nd period - Marc Savard wins face-off versus Evgeni Malkin in neutral zone.
18:40 of 2nd period - Snap shot by Alex Tanguay.
18:40 of 2nd period - Goal by Alex Tanguay - Senateurs : 2 - Bruins : 1.
18:41 of 2nd period - Henrik Sedin wins face-off versus B.J. Crombeen in neutral zone.
18:56 of 2nd period - Snap shot by Wojtek Wolski.
18:56 of 2nd period - Stopped by Ondrej Pavelec without a rebound.
18:57 of 2nd period - Marc Savard wins face-off versus Johan Franzen in Senateurs zone.
19:24 of 2nd period - Victor Oreskovich is hit by Kurtis Foster and loses puck.
19:33 of 2nd period - Kurtis Foster is hit by Victor Oreskovich and loses puck.
Goals for this period are 1 for Senateurs vs 1 for Bruins.
Shots for this period are 10 for Senateurs vs 5 for Bruins.
3rd period
0:01 of 3rd period - Evgeni Malkin wins face-off versus Henrik Sedin in neutral zone.
0:27 of 3rd period - Off-side.
0:28 of 3rd period - Cody Hodgson wins face-off versus Marc Savard in neutral zone.
0:54 of 3rd period - Henrik Sedin is hit by Evgeni Malkin and loses puck.
1:07 of 3rd period - Wrist shot by Evgeni Malkin.
1:07 of 3rd period - Deflect By Dave Bolland.
1:07 of 3rd period - Stopped by Roberto Luongo with a rebound.
1:17 of 3rd period - Snap shot by Kris Chucko.
1:17 of 3rd period - Shot Misses the Net.
1:19 of 3rd period - Snap shot by Adam Pineault.
1:19 of 3rd period - Shot Blocked by Milan Hejduk.
1:21 of 3rd period - Snap shot by Adam Pineault.
1:21 of 3rd period - Shot Blocked by Brandon Dubinsky.
1:23 of 3rd period - Slapshot by Jason Demers.
1:23 of 3rd period - Deflect By Kris Chucko.
1:23 of 3rd period - Shot Misses the Net.
1:23 of 3rd period - Puck is out of play.
1:24 of 3rd period - B.J. Crombeen wins face-off versus Henrik Sedin in Senateurs zone.
1:26 of 3rd period - Icing by Kurtis Foster.
1:27 of 3rd period - Henrik Sedin wins face-off versus Evgeni Malkin in Senateurs zone.
1:58 of 3rd period - Ryan O'Byrne is hit by Ramzi Abid and loses puck.
2:18 of 3rd period - Minor Penalty to Cody Franson for Slashing.
2:19 of 3rd period - Evgeni Malkin wins face-off versus Henrik Sedin in Senateurs zone.
2:52 of 3rd period - Wrist shot by Viktor Stalberg.
2:52 of 3rd period - Stopped by Ondrej Pavelec with a rebound.
2:54 of 3rd period - Snap shot by Viktor Stalberg.
2:54 of 3rd period - Deflect By Evgeni Malkin.
2:54 of 3rd period - Shot Misses the Net.
2:54 of 3rd period - Puck is out of play.
2:55 of 3rd period - Patrick Eaves wins face-off versus Evgeni Malkin in Senateurs zone.
3:02 of 3rd period - Snap shot by Patrick Eaves.
3:02 of 3rd period - Shot Blocked by Evgeni Malkin.
3:22 of 3rd period - Slapshot by Travis Hamonic.
3:22 of 3rd period - Stopped by Ondrej Pavelec with a rebound.
3:24 of 3rd period - Snap shot by Henrik Sedin.
3:24 of 3rd period - Stopped by Ondrej Pavelec without a rebound.
3:25 of 3rd period - B.J. Crombeen wins face-off versus Henrik Sedin in Senateurs zone.
3:29 of 3rd period - Off-side.
3:30 of 3rd period - Henrik Sedin wins face-off versus Evgeni Malkin in neutral zone.
3:44 of 3rd period - Slapshot by Jason Demers.
3:44 of 3rd period - Stopped by Ondrej Pavelec with a rebound.
3:58 of 3rd period - Slapshot by Andrew Alberts.
3:58 of 3rd period - Goal by Andrew Alberts - Senateurs : 2 - Bruins : 2.
3:59 of 3rd period - Henrik Sedin wins face-off versus Evgeni Malkin in neutral zone.
4:37 of 3rd period - Carlo Colaiacovo is hit by Alex Tanguay and loses puck.
5:12 of 3rd period - Adam Pineault is hit by B.J. Crombeen and loses puck.
5:27 of 3rd period - Mike Fisher is hit by B.J. Crombeen and loses puck.
5:38 of 3rd period - Milan Hejduk is hit by Nate Prosser and loses puck.
5:49 of 3rd period - Slapshot by Henrik Sedin.
5:49 of 3rd period - Stopped by Ondrej Pavelec without a rebound.
5:50 of 3rd period - Marc Savard wins face-off versus Evgeni Malkin in Senateurs zone.
5:55 of 3rd period - Wrist shot by Marc Savard.
5:55 of 3rd period - Stopped by Ondrej Pavelec without a rebound.
5:56 of 3rd period - Marc Savard wins face-off versus Evgeni Malkin in Senateurs zone.
6:11 of 3rd period - Wrist shot by Patrick Eaves.
6:11 of 3rd period - Shot Misses the Net.
6:51 of 3rd period - Snap shot by Milan Hejduk.
6:51 of 3rd period - Stopped by Roberto Luongo without a rebound.
6:52 of 3rd period - Evgeni Malkin wins face-off versus Victor Oreskovich in Bruins zone.
7:09 of 3rd period - Dan Hamhuis is hit by Wojtek Wolski and loses puck.
8:33 of 3rd period - Wrist shot by Wojtek Wolski.
8:33 of 3rd period - Shot Misses the Net.
8:56 of 3rd period - Snap shot by Cody Franson.
8:56 of 3rd period - Stopped by Roberto Luongo with a rebound.
9:24 of 3rd period - Snap shot by Dave Bolland.
9:24 of 3rd period - Shot Misses the Net.
9:26 of 3rd period - Snap shot by Stefan Ruzicka.
9:26 of 3rd period - Shot Misses the Net.
9:28 of 3rd period - Slapshot by Viktor Stalberg.
9:28 of 3rd period - Shot Misses the Net.
9:37 of 3rd period - Off-side.
9:38 of 3rd period - Evgeni Malkin wins face-off versus Henrik Sedin in neutral zone.
9:43 of 3rd period - Slapshot by Evgeni Malkin.
9:43 of 3rd period - Shot Misses the Net.
9:45 of 3rd period - Snap shot by B.J. Crombeen.
9:45 of 3rd period - Deflect By Thomas Vanek.
9:45 of 3rd period - Goal by Thomas Vanek - Senateurs : 3 - Bruins : 2.
9:46 of 3rd period - Henrik Sedin wins face-off versus Evgeni Malkin in neutral zone.
10:55 of 3rd period - Slapshot by Thomas Vanek.
10:55 of 3rd period - Stopped by Roberto Luongo without a rebound.
10:56 of 3rd period - Henrik Sedin wins face-off versus Evgeni Malkin in Bruins zone.
11:21 of 3rd period - Mark Stuart is hit by Dan Hamhuis and loses puck.
11:48 of 3rd period - Wrist shot by Stefan Ruzicka.
11:48 of 3rd period - Stopped by Ondrej Pavelec without a rebound.
11:49 of 3rd period - Brandon Dubinsky wins face-off versus Victor Oreskovich in Senateurs zone.
12:02 of 3rd period - Snap shot by Victor Oreskovich.
12:02 of 3rd period - Shot Blocked by Brandon Dubinsky.
12:22 of 3rd period - Snap shot by Marc Savard.
12:22 of 3rd period - Shot Misses the Net.
12:38 of 3rd period - Snap shot by Viktor Stalberg.
12:38 of 3rd period - Shot Misses the Net.
12:40 of 3rd period - Snap shot by Viktor Stalberg.
12:40 of 3rd period - Deflect By Dave Bolland.
12:40 of 3rd period - Goal by Dave Bolland - Senateurs : 3 - Bruins : 3.
12:41 of 3rd period - Henrik Sedin wins face-off versus Evgeni Malkin in neutral zone.
13:04 of 3rd period - Victor Oreskovich is hit by Evgeni Malkin and loses puck.
13:22 of 3rd period - Icing by Wojtek Wolski.
13:23 of 3rd period - Ramzi Abid wins face-off versus Henrik Sedin in Bruins zone.
13:50 of 3rd period - Slapshot by Jason Demers.
13:50 of 3rd period - Stopped by Ondrej Pavelec without a rebound.
13:51 of 3rd period - Brandon Dubinsky wins face-off versus Marc Savard in Senateurs zone.
14:39 of 3rd period - Jason Demers is hit by Ramzi Abid and loses puck.
14:46 of 3rd period - Wrist shot by Cody Hodgson.
14:46 of 3rd period - Stopped by Roberto Luongo without a rebound.
14:47 of 3rd period - Cody Hodgson wins face-off versus Henrik Sedin in Bruins zone.
14:56 of 3rd period - Slapshot by Ramzi Abid.
14:56 of 3rd period - Stopped by Roberto Luongo without a rebound.
14:57 of 3rd period - Henrik Sedin wins face-off versus Cody Hodgson in Bruins zone.
15:30 of 3rd period - Snap shot by Ramzi Abid.
15:30 of 3rd period - Stopped by Roberto Luongo without a rebound.
15:31 of 3rd period - David Krejci wins face-off versus Dave Bolland in Bruins zone.
15:38 of 3rd period - Snap shot by Thomas Vanek.
15:38 of 3rd period - Shot Misses the Net.
15:44 of 3rd period - Wrist shot by Viktor Stalberg.
15:44 of 3rd period - Shot Blocked by Evgeni Malkin.
15:46 of 3rd period - Slapshot by Andrew Alberts.
15:46 of 3rd period - Stopped by Ondrej Pavelec without a rebound.
15:47 of 3rd period - Henrik Sedin wins face-off versus Evgeni Malkin in Senateurs zone.
16:12 of 3rd period - Ramzi Abid is hit by Stefan Ruzicka and loses puck.
16:31 of 3rd period - Alex Tanguay is hit by Carlo Colaiacovo and loses puck.
16:38 of 3rd period - Wrist shot by Sergei Kostitsyn.
16:38 of 3rd period - Stopped by Roberto Luongo with a rebound.
16:40 of 3rd period - Snap shot by Cody Franson.
16:40 of 3rd period - Shot Blocked by Travis Hamonic.
17:10 of 3rd period - Johan Franzen is hit by Victor Oreskovich and loses puck.
17:17 of 3rd period - Snap shot by Henrik Sedin.
17:17 of 3rd period - Stopped by Ondrej Pavelec with a rebound.
17:19 of 3rd period - Slapshot by Travis Hamonic.
17:19 of 3rd period - Deflect By Ramzi Abid.
17:19 of 3rd period - Stopped by Ondrej Pavelec with a rebound.
17:21 of 3rd period - Snap shot by Wojtek Wolski.
17:21 of 3rd period - Shot Blocked by Brooks Orpik.
Goals for this period are 1 for Senateurs vs 2 for Bruins.
Shots for this period are 9 for Senateurs vs 13 for Bruins.
Overtime #1
0:01 of 1st overtime period - Henrik Sedin wins face-off versus Evgeni Malkin in neutral zone.
0:16 of 1st overtime period - Slapshot by Wojtek Wolski.
0:16 of 1st overtime period - Shot Misses the Net.
0:44 of 1st overtime period - Wrist shot by Travis Hamonic.
0:44 of 1st overtime period - Shot Misses the Net.
0:46 of 1st overtime period - Slapshot by Ryan O'Byrne.
0:46 of 1st overtime period - Shot Misses the Net.
0:48 of 1st overtime period - Snap shot by Victor Oreskovich.
0:48 of 1st overtime period - Stopped by Ondrej Pavelec with a rebound.
0:50 of 1st overtime period - Snap shot by Marc Savard.
0:50 of 1st overtime period - Stopped by Ondrej Pavelec without a rebound.
0:51 of 1st overtime period - Henrik Sedin wins face-off versus Evgeni Malkin in Senateurs zone.
1:18 of 1st overtime period - Andrew Alberts is hit by Brandon Dubinsky and loses puck.
2:28 of 1st overtime period - Icing by Brandon Dubinsky.
2:29 of 1st overtime period - Henrik Sedin wins face-off versus David Krejci in Senateurs zone.
2:52 of 1st overtime period - Slapshot by Kurtis Foster.
2:52 of 1st overtime period - Stopped by Roberto Luongo with a rebound.
2:54 of 1st overtime period - Slapshot by Kurtis Foster.
2:54 of 1st overtime period - Deflect By Ryan O'Byrne.
2:54 of 1st overtime period - Stopped by Roberto Luongo with a rebound.
3:02 of 1st overtime period - Snap shot by Johan Franzen.
3:02 of 1st overtime period - Stopped by Roberto Luongo with a rebound.
3:30 of 1st overtime period - Snap shot by Sergei Kostitsyn.
3:30 of 1st overtime period - Shot Misses the Net.
3:36 of 1st overtime period - Brandon Dubinsky is hit by Dave Bolland and loses puck.
3:55 of 1st overtime period - Dave Bolland is hit by Johan Franzen and loses puck.
4:22 of 1st overtime period - Evgeni Malkin is hit by Viktor Stalberg and loses puck.
4:44 of 1st overtime period - Kurtis Foster is hit by Adam Pineault and loses puck.
Goals for this period are 0 for Senateurs vs 0 for Bruins.
Shots for this period are 3 for Senateurs vs 2 for Bruins.
ShootOut
5:00 of 1st overtime period - Penalty Shot by Evgeni Malkin for Senateurs.
5:00 of 1st overtime period - Deke by Evgeni Malkin.
5:00 of 1st overtime period - Stopped by Roberto Luongo.
5:00 of 1st overtime period - Penalty Shot by Wojtek Wolski for Bruins.
5:00 of 1st overtime period - Wrist shot by Wojtek Wolski.
5:00 of 1st overtime period - Shot Misses the Net.
5:00 of 1st overtime period - Penalty Shot by Thomas Vanek for Senateurs.
5:00 of 1st overtime period - Snap shot by Thomas Vanek.
5:00 of 1st overtime period - Stopped by Roberto Luongo.
5:00 of 1st overtime period - Penalty Shot by Viktor Stalberg for Bruins.
5:00 of 1st overtime period - Deke by Viktor Stalberg.
5:00 of 1st overtime period - Stopped by Ondrej Pavelec.
5:00 of 1st overtime period - Penalty Shot by B.J. Crombeen for Senateurs.
5:00 of 1st overtime period - Deke by B.J. Crombeen.
5:00 of 1st overtime period - Stopped by Roberto Luongo.
5:00 of 1st overtime period - Penalty Shot by Patrick Eaves for Bruins.
5:00 of 1st overtime period - Deke by Patrick Eaves.
5:00 of 1st overtime period - Stopped by Ondrej Pavelec.
5:00 of 1st overtime period - Penalty Shot by Johan Franzen for Senateurs.
5:00 of 1st overtime period - Backhand shot by Johan Franzen.
5:00 of 1st overtime period - Goal by Johan Franzen.
5:00 of 1st overtime period - Penalty Shot by Marc Savard for Bruins.
5:00 of 1st overtime period - Backhand shot by Marc Savard.
5:00 of 1st overtime period - Goal by Marc Savard.
5:00 of 1st overtime period - Penalty Shot by Cody Hodgson for Senateurs.
5:00 of 1st overtime period - Deke by Cody Hodgson.
5:00 of 1st overtime period - Stopped by Roberto Luongo.
5:00 of 1st overtime period - Penalty Shot by Henrik Sedin for Bruins.
5:00 of 1st overtime period - Deke by Henrik Sedin.
5:00 of 1st overtime period - Stopped by Ondrej Pavelec.
5:00 of 1st overtime period - Penalty Shot by Carlo Colaiacovo for Senateurs.
5:00 of 1st overtime period - Deke by Carlo Colaiacovo.
5:00 of 1st overtime period - Goal by Carlo Colaiacovo.
5:00 of 1st overtime period - Penalty Shot by Jason Demers for Bruins.
5:00 of 1st overtime period - Snap shot by Jason Demers.
5:00 of 1st overtime period - Stopped by Ondrej Pavelec.
Back to the Top